 Dungeon Crawl Stone Soup version 0.25.1-11-g244df3a29b (webtiles) character file.

Game seed: 11683341903477301209

95 Psyclone the Firebug (level 4, -3/27 HPs)
             Began as an Octopode Fire Elementalist on Sept 16, 2023.
             Was an Initiate of Gozag.
             Killed by divine providence
             ... invoked by an orc priest
              (10 damage)
             ... on level 3 of the Dungeon.
             The game lasted 00:08:36 (2942 turns).

Psyclone the Firebug (Octopode Fire Elementalist)   Turns: 2942, Time: 00:08:37

Health: -3/27      AC:  1    Str:  7    XL:     4   Next: 65%
Magic:  1/8        EV: 13    Int: 18    God:    Gozag
Gold:   133        SH:  0    Dex: 12    Spells: 1/9 levels left

rFire    . . .     SeeInvis .   n - +1 dagger (vamp)
rCold    . . .     Gourm    .   (no shield)
rNeg     + . .     Faith    .   (helmet restricted)
rPois    .         Spirit   .   (no amulet)
rElec    .         Reflect  .   o - ring of positive energy
rCorr    .         Harm     .   (no ring)
MR       .....                  (no ring)
Stlth    +++.......             (no ring)
HPRegen  0.09/turn              (no ring)
MPRegen  0.11/turn              (no ring)
                                (no ring)
                                (no ring)

@: gold aura
A: almost no armour, stealthy swim, amphibious, 8 rings, constrict 8, camouflage
1, gelatinous body 1
a: Potion Petition, Call Merchant, Bribe Branch, Renounce Religion


You were on level 3 of the Dungeon.
You worshipped Gozag.
Gozag was aware of your devotion.
You were hungry.

You visited 1 branch of the dungeon, and saw 4 of its levels.

You collected 198 gold pieces.
You paid 65 gold pieces to Gozag.

Inventory:

Hand Weapons
 n - a +1 vampiric dagger (weapon)
Jewellery
 o - a ring of positive energy (left tentacle)
Scrolls
 a - 2 scrolls of teleportation
 c - a scroll of identify {@r1}
 e - a scroll of immolation
 g - a scroll of remove curse
 i - a scroll of magic mapping {unknown}
 l - a scroll of random uselessness
Potions
 d - a potion of stabbing
Comestibles
 b - 6 rations


   Skills:
 - Level 2.3 Dodging
 - Level 3.0 Stealth
 - Level 1.2 Unarmed Combat
 + Level 3.1 Spellcasting
 - Level 1.7 Conjurations
 - Level 3.4 Fire Magic


You had one spell level left.
You knew the following spells:

 Your Spells              Type           Power        Failure   Level  Hunger
a - Foxfire               Conj/Fire      ##..         5%          1    None
b - Sticky Flame          Conj/Fire      ##......     50%         4    ####...
c - Conjure Flame         Conj/Fire      ##......     17%         3    ###....

Your spell library contained the following spells:

 Spells                   Type           Power        Failure   Level  Hunger
 Inner Flame              Hex/Fire       #.......     24%         3    ###....
 Fireball                 Conj/Fire      ##........   83%         5    ######.


Dungeon Overview and Level Annotations

Branches:
Dungeon (4/15)
 Temple: D:4-7

Altars:
Dithmenos
Gozag
Qazlal
Trog


Innate Abilities, Weirdness & Mutations

You cannot wear most types of armour.
You are very stealthy in the water. (Stealth+)
You are amphibious.
You can wear up to eight rings at the same time.
You can use your tentacles to constrict eight enemies at once.
Your skin changes colour to match your surroundings (Stealth+).
Your rubbery body absorbs attacks. (AC +1, EV +1)


Message History

The orc is lightly wounded.
The orc hits you but does no damage.
You smother the flame.
You hit the orc but do no damage. You grab the orc.
The orc is lightly wounded.
You constrict the orc.
The orc struggles to escape constriction.
You hit the orc.
The orc is heavily wounded.
You constrict the orc, but do no damage.
The orc hits you with a +0 short sword.
* * * LOW HITPOINT WARNING * * *
You take 4 damage, and have 6/27 hp.
Casting: Conjure Flame (quite dangerous; 17% risk of failure)
Confirm with . or Enter, or press ? or * to list all spells.
You conjure some foxfire!
You constrict the orc.
The foxfire hits the orc.
You kill the orc!
The orc priest mumbles some strange prayers to Beogh against you.
Beogh smites you!
You die...
Your body crumbles into a pile of gold.

...o# #.# #....# #or# #.#
#.##.# #.## #.# #.##.. ##.#
#.# #.#... #. #o# #.# #.#.##
#.# ##.# #.###.#.# #.# ##.##
#>....#.# ##.###.########
####..#.# #........o$@v.#
#..#.#
#.##...####$#.########..#.#
#.##...# #.# ........[.#.#
#.##...# #.# ######...#.#
#.##...####.# #....#.##
#<##.....##.########.#..#...
#.##...#............<...####
#.##.#.####.###.........#
#.##...####.# #.####.#### #


You could see an orc priest.

Vanquished Creatures
  3 adders
  An ooze (D:1)
  4 worms
  A dart slug (D:2)
  3 orcs (D:3)
  5 bats
  A giant cockroach (D:1)
  6 goblins
  6 hobgoblins
  4 jackals
  A ball python (D:2)
  3 frilled lizards
  5 kobolds
  5 rats
48 creatures vanquished.

Vanquished Creatures (others)
  144 foxfires
144 creatures vanquished.

Grand Total: 192 creatures vanquished

Notes
Turn   | Place    | Note
-------+----------+-------------------------------------------
     0 | D:1      | Psyclone the Octopode Fire Elementalist began the quest for
                  | the Orb.
     0 | D:1      | Reached XP level 1. HP: 11/11 MP: 3/3
    29 | D:1      | Reached XP level 2. HP: 2/17 MP: 0/5
  1007 | D:2      | Reached skill level 1 in Unarmed Combat
  1007 | D:2      | Reached XP level 3. HP: 17/21 MP: 1/6
  1429 | D:2      | Found a bloodstained altar of Trog.
  1435 | D:2      | You fall into a shaft and drop 2 floors!
  1435 | D:4      | Noticed an ogre
  1823 | D:2      | Reached XP level 4. HP: 27/27 MP: 0/7
  1948 | D:2      | Found a shadowy altar of Dithmenos.
  2348 | D:3      | Learned a level 3 spell: Conjure Flame
  2353 | D:3      | Learned a level 4 spell: Sticky Flame
  2657 | D:3      | Found an opulent altar of Gozag.
  2663 | D:3      | Became a worshipper of Gozag Ym Sagoz the Greedy
  2777 | D:3      | Found a stormy altar of Qazlal.
  2929 | D:3      | HP: 1/27 [orc/+0 short sword (4)]
  2942 | D:3      | Killed from afar by an orc priest

Illustrated notes

Levels and vault maps discovered:
D:1:      scummos_arrival_simple_fountains, layout_loops_ring,
          kennysheep_nondescript, minmay_tromino_v4_b
D:2:      layout_loops_ring, grunt_dithmenos_smoke_and_mirrors, minivault_5,
          trog_book
D:3:      layout_loops_ring, old_standard_altar, overflow_temple_1_default,
          marbit_many_paths, first_ration
D:4:      layout_basic, cheibriados_altar_1

Skill      XL: |  1  2  3  4 |
---------------+-------------+-----
Stealth        | 3 |  3.0
Unarmed Combat | 1 |  1.2
Spellcasting   | 3 |  3.1
Dodging        | |  2.3
Conjurations   | |  1.7
Fire Magic     | |  3.4

Action                   |  1- 3 |  4- 6 || total
-------------------------+-------+-------++-------
Melee: Unarmed           |    12 |       ||    12
       Constrict         |     4 |     9 ||    13
       Mace              |     4 |       ||     4
       Tentacles         |     1 |     3 ||     4
       Dagger            |       |    24 ||    24
 Cast: Foxfire           |    54 |    40 ||    94
       Conjure Flame     |       |     1 ||     1
  Use: Scroll            |       |     7 ||     7
       Potion            |       |     5 ||     5
 Stab: Sleeping          |       |     1 ||     1
  Eat: Chunk             |     3 |     3 ||     6
Armor: Skin              |     3 |       ||     3
Dodge: Dodged            |    26 |    21 ||    47
